 Dungeon Crawl Stone Soup version 0.26-a0-667-g92642533e4 (webtiles) character file.

Game seed: 4361802934766152715

7306 jabarkas the Black Sun (level 10, -2/89 HPs)
             Began as a Palentonga Necromancer on Oct 17, 2020.
             Was a High Priest of Kikubaaqudgha.
             Slain by a gnoll
             ... wielding a +0 halberd
              (11 damage)
             ... in a bailey.
             The game lasted 00:32:57 (16173 turns).

jabarkas the Black Sun (Palentonga Necromancer)    Turns: 16173, Time: 00:32:57

Health: -2/89      AC:  7    Str: 13    XL:     10   Next: 90%
Magic:  1/20       EV:  9    Int: 18    God:    Kikubaaqudgha [*****.]
Gold:   714        SH: 10    Dex: 10    Spells: 3/23 levels left

rFire    . . .     SeeInvis +   s - +3 dagger (pain)
rCold    + . .     Faith    .   x - +0 kite shield
rNeg     . . .     Spirit   .   a - +0 robe
rPois    .         Reflect  .   (no helmet)
rElec    .         Harm     .   m - +0 cloak
rCorr    .         Rampage  .   l - +1 pair of gloves
MR       +....                  (no barding)
Stlth    +.........             (no amulet)
HPRegen  0.24/turn              y - ring of protection from cold
MPRegen  0.17/turn              F - ring of protection from magic

@: no status effects
A: large, rugged brown scales 3, see invisible, deformed body, roll, armoured
tail
a: Rolling Charge, Receive Corpses, Torment, Renounce Religion


You were in a bailey.
You worshipped Kikubaaqudgha.
Kikubaaqudgha was extremely pleased with you.
You visited 1 branch of the dungeon, and saw 11 of its levels.
You also visited: Bailey.

You collected 714 gold pieces.

Inventory:

Hand Weapons
 s - a +3 dagger of pain (weapon)
 D - a +5 trident
Missiles
 h - 3 throwing nets
 k - 18 poisoned darts (quivered)
 G - 5 boomerangs of dispersal
Armour
 a - a +0 robe (worn)
 i - a +0 ring mail
 l - a +1 pair of gloves (worn)
 m - a +0 cloak (worn)
 x - a +0 kite shield (worn)
Jewellery
 r - an uncursed ring of resist corrosion
 y - a ring of protection from cold (left hand)
 F - a ring of protection from magic (right hand)
Wands
 f - a wand of iceblast (1)
 u - a wand of polymorph (13)
 J - a wand of acid (13)
 M - a wand of random effects (15)
Scrolls
 c - 4 scrolls of teleportation
 q - 4 scrolls of amnesia
 v - 3 scrolls of remove curse
 z - 2 scrolls of fog
 C - 2 scrolls of blinking
 I - a scroll of enchant weapon
 K - 2 scrolls of fear
 L - 2 scrolls of identify
Potions
 b - 4 potions of stabbing
 d - 5 potions of flight
 e - 3 potions of might
 g - 2 potions of degeneration
 j - a potion of magic
 n - a potion of ambrosia
 o - 5 potions of curing
 p - 2 potions of resistance
 t - a potion of haste
 w - a potion of cancellation
 A - a potion of brilliance
 B - a potion of mutation
 E - 2 potions of lignification
 H - 2 potions of heal wounds


   Skills:
 + Level 6.5 Fighting
 - Level 4.0 Short Blades
 - Level 1.6 Dodging
 - Level 1.2 Stealth
 * Level 7.4 Shields
 + Level 7.0 Spellcasting
 + Level 10.2 Necromancy


You had 3 spell levels left.
You knew the following spells:

 Your Spells              Type           Power        Failure   Level
a - Pain                  Necr           ####         1%          1
b - Vampiric Draining     Necr           #####.....   1%          3
c - Animate Dead          Necr           #####.....   2%          4
d - Sublimation of Blood  Necr           #####.....   1%          2
e - Dispel Undead         Necr           #####...     2%          4
f - Agony                 Necr           #####...     6%          5
P - Animate Skeleton      Necr           #####.       1%          1

Your spell library contained the following spells:

 Spells                   Type           Power        Failure   Level
 Shock                    Conj/Air       #...         14%         1
 Swiftness                Air            #.......     22%         2
 Static Discharge         Conj/Air       #.......     41%         3
 Excruciating Wounds      Necr           #####.....   6%          5
 Death Channel            Necr           #####.....   34%         6
 Airstrike                Air            #.........   82%         4
 Lightning Bolt           Conj/Air       #.........   99%         5


Dungeon Overview and Level Annotations

Branches:
Dungeon (11/15)            Temple (0/1) D:5            Lair (0/6) D:8
 Bailey (1/1)
    Orc: D:9-12

Altars:
Dithmenos
Gozag
Hepliaklqana
Kikubaaqudgha
Nemelex Xobeh
Trog
Uskayaw
Zin

Shops:
D:5 =


Innate Abilities, Weirdness & Mutations

You are completely covered in rugged brown scales. (AC +3, +7% HP)
You have supernaturally acute eyesight. (SInv)
Armour fits poorly on your strangely shaped body.
You can roll at foes to attack.
You have a long armoured tail.


Message History

Kikubaaqudgha accepts your kill.
You feel life coursing into your body. You block the gnoll's attack.
Throwing (i - inventory. (/) - cycle)
k - 19 poisoned darts (quivered)
Press: ? - help, Shift-Dir - straight line, f - gnoll
Aim: a gnoll, wielding a +0 halberd and wearing a +0 ring mail (fast)
You throw a poisoned dart. The poisoned dart hits the gnoll.
The gnoll hits you from afar with a +0 halberd.
* * * LOW HITPOINT WARNING * * *
Unknown command.
The gnoll hits you with a +0 halberd!
* * * LOW HITPOINT WARNING * * *
You hit the gnoll.
The gnoll writhes in agony!
The gnoll is almost dead.
The gnoll hits you with a +0 halberd!
* * * LOW HITPOINT WARNING * * *
You closely miss the gnoll.
The gnoll is almost dead.
The gnoll hits you with a +0 halberd!
You die...
Kikubaaqudgha rasps: "You have failed me!
Welcome... death!"

♣♣♣♣♣♣♣♣♣♣♣♣
≈≈≈≈≈≈≈≈≈≈≈♣♣ #..)≈≈♣♣
###@.≈.♣ #.g≈.♣♣ #..≈..♣♣
#### #..≈...♣ ##...##
#..≈...♣
##...).######..≈...♣♣
.#...$)..#..)'.......♣♣♣#
.'...8)).')).'......)).∩#
.#...$..)#g).'.......♣♣♣#


You could see a gnoll (fast).

Vanquished Creatures
  3 death yaks (D:7)
  A troll (D:10)
  4 yaks
  A wyvern (D:10)
  2 orc warriors (D:8)
  3 sky beasts
  3 eyes of draining
  2 ice beasts
  3 phantoms
  2 necrophages (D:8)
  4 ogres
  2 centaurs
  A big kobold (D:8)
  3 gnoll sergeants (Bailey)
  9 bullfrogs
  4 scorpions
  3 killer bees (D:10)
  4 howler monkeys
  A jelly (D:10)
  4 gnoll shamans
  5 orc priests
  6 hounds
  2 bullfrog zombies (D:6)
  5 iguanas
  5 orc wizards
  3 worker ants
  2 hound skeletons
  2 hound zombies
  A worker ant zombie (D:6)
  15 gnolls
  A howler monkey skeleton (D:4)
  8 adders
  A river rat (D:5)
  A white imp (D:5)
  3 ufetubi
  3 oozes
  2 adder skeletons
  3 worms
  5 dart slugs (D:1)
  5 leopard geckos
  33 orcs
  16 bats
  5 giant cockroaches
  10 goblins
  12 hobgoblins
  18 jackals
  16 kobolds
  8 quokkas
  3 ball pythons
  4 frilled lizards
  3 leopard gecko skeletons
  A leopard gecko zombie (D:4)
  11 rats
277 creatures vanquished.

Vanquished Creatures (collateral kills)
  An adder (D:2)
  A leopard gecko (D:2)
  An orc (D:4)
  A giant cockroach (D:5)
  A jackal (D:4)
  A quokka (D:8)
  A rat (D:1)
7 creatures vanquished.

Vanquished Creatures (others)
  3 plants
3 creatures vanquished.

Grand Total: 287 creatures vanquished

Notes
Turn   | Place    | Note
-------+----------+-------------------------------------------
     0 | D:1      | jabarkas the Palentonga Necromancer began the quest for the
                  | Orb.
     0 | D:1      | Reached XP level 1. HP: 14/14 MP: 3/3
    72 | D:1      | Learned a level 1 spell: Animate Skeleton
   218 | D:1      | Reached XP level 2. HP: 19/21 MP: 0/5
   730 | D:1      | Reached XP level 3. HP: 26/27 MP: 3/6
  1344 | D:1      | Reached skill level 5 in Necromancy
  1606 | D:2      | Reached XP level 4. HP: 33/35 MP: 2/7
  1723 | D:2      | Found a hide-covered altar of Uskayaw.
  1727 | D:2      | Found an ancient bone altar of Kikubaaqudgha.
  1740 | D:2      | Became a worshipper of Kikubaaqudgha
  1921 | D:2      | Learned a level 3 spell: Vampiric Draining
  2479 | D:2      | You fall into a shaft and drop 2 floors!
  2502 | D:4      | Reached skill level 1 in Fighting
  2502 | D:4      | Reached XP level 5. HP: 15/42 MP: 0/9
  2899 | D:4      | Learned a level 4 spell: Animate Dead
  3015 | D:3      | Reached * piety under Kikubaaqudgha
  3015 | D:3      | Identified Kikubaaqudgha's Compendium of Unholy Magic
                  | (Kikubaaqudgha gifted it to you on level 3 of the Dungeon)
  3015 | D:3      | Received a gift from Kikubaaqudgha
  3622 | D:3      | Reached skill level 6 in Necromancy
  3779 | D:3      | Reached XP level 6. HP: 30/51 MP: 2/11
  4510 | D:3      | Learned a level 2 spell: Sublimation of Blood
  4594 | D:4      | Found a bloodstained altar of Trog.
  4827 | D:4      | Reached ** piety under Kikubaaqudgha
  4827 | D:4      | Reached skill level 1 in Shields
  5162 | D:4      | Reached skill level 1 in Short Blades
  5313 | D:4      | Reached XP level 7. HP: 54/59 MP: 7/12
  5547 | D:4      | Found a hazy altar of Hepliaklqana.
  5699 | D:5      | Entered Level 5 of the Dungeon
  6000 | D:5      | Reached skill level 7 in Necromancy
  6682 | D:5      | Reached XP level 8. HP: 53/67 MP: 1/14
  6868 | D:5      | Found Athriquocw's Jewellery Shoppe.
  6886 | D:5      | Found a staircase to the Ecumenical Temple.
  7042 | D:5      | Noticed Ijyb
  7047 | D:5      | Noticed Ijyb
  7047 | D:5      | Ijyb changed into Ijyb the river rat
  7050 | D:5      | Killed Ijyb the river rat
  7505 | D:6      | Found a sparkling altar of Nemelex Xobeh.
  8009 | D:6      | Reached *** piety under Kikubaaqudgha
  8009 | D:6      | Identified Kikubaaqudgha's Disquisition on Dark Arts
                  | (Kikubaaqudgha gifted it to you on level 6 of the Dungeon)
  8009 | D:6      | Received a gift from Kikubaaqudgha
  8062 | D:6      | Learned a level 4 spell: Dispel Undead
  8343 | D:6      | Found a shadowy altar of Dithmenos.
  8482 | D:6      | Reached skill level 8 in Necromancy
  8493 | D:6      | HP: 2/70 [bullfrog zombie (2)]
  9589 | D:7      | Found a glowing silver altar of Zin.
  9752 | D:7      | Found an opulent altar of Gozag.
  9919 | D:7      | Reached XP level 9. HP: 56/75 MP: 9/16
 10120 | D:7      | Reached skill level 5 in Spellcasting
 10449 | D:8      | Noticed a death yak
 11118 | D:8      | Noticed a death yak
 11118 | D:8      | Noticed a death yak
 11119 | D:8      | Noticed a death yak
 11119 | D:8      | Noticed a death yak
 11119 | D:8      | Noticed a death yak
 11156 | D:7      | Killed a death yak
 11156 | D:7      | Reached skill level 5 in Shields
 11156 | D:7      | Reached skill level 9 in Necromancy
 11513 | D:7      | Killed a death yak
 11513 | D:7      | Reached skill level 5 in Fighting
 11848 | D:8      | Found a staircase to the Lair.
 11858 | D:8      | Reached XP level 10. HP: 70/86 MP: 11/19
 11913 | D:8      | Learned a level 5 spell: Agony
 12101 | D:7      | Killed a death yak
 13073 | D:9      | Reached **** piety under Kikubaaqudgha
 13834 | D:9      | Noticed a deep elf mage
 13836 | D:9      | Noticed a sea snake
 13836 | D:9      | a deep elf mage changed into a sea snake
 14098 | D:10     | Entered Level 10 of the Dungeon
 14721 | D:10     | Reached skill level 10 in Necromancy
 15774 | D:11     | Found a flagged portal.
 15831 | Bailey   | Entered a bailey
 16105 | Bailey   | Reached ***** piety under Kikubaaqudgha
 16173 | Bailey   | Slain by a gnoll

Illustrated notes

Levels and vault maps discovered:
D:1:      dpeg_arrival_prison, layout_loops_cross, serial_forest,
          infiniplex_forest_lined_ring, infiniplex_forest_clump_small,
          infiniplex_forest_lined_3, infiniplex_forest_lined_ring,
          infiniplex_forest_lined_2, infiniplex_forest_straight_3,
          infiniplex_forest_clump_small, infiniplex_forest_clump_small,
          infiniplex_forest_straight_2
D:2:      layout_basic, grunt_temple_overflow_open
D:3:      minmay_bubble_buster, layout_basic, minmay_randomly_rotated_circles
D:4:      layout_cave_pools, trog_eyes_of_draining, kennysheep_mini
D:5:      layout_layer_cave, temple_fountains, serial_shops,
          nicolae_shop_waterfront, uniq_ijyb
D:6:      layout_basic, nemelex_xobeh_ov_fountains_minmay, kennysheep_mini_moat
D:7:      layout_loops_ring, zin_scriptorium, nicolae_gozag_seed_capital
D:8:      layout_basic, dpeg_lair_monsters
D:9:      layout_roguey, serial_bayou_pond_a, guppyfry_early_elven_hall
D:10:     layout_basic, st_stairs_3
D:11:     layout_gridville, serial_shops, shop, enter_bailey_3
Bailey:   bailey_polearm_gnolls_kennysheep, bailey

Skill      XL: |  1  2  3  4  5  6  7  8  9 10 |
---------------+-------------------------------+-----
Necromancy     | 5 6 7 8 9 10 | 10.2
Fighting       | 1 2 3 4 5 6 |  6.5
Spellcasting   | 3 4 6 7 |  7.0
Shields        | 1 2 4 5 7 |  7.4
Short Blades   | 1 2 3 4 |  4.0
Dodging        | |  1.6
Stealth        | |  1.2

Action                   |  1- 3 |  4- 6 |  7- 9 | 10-12 || total
-------------------------+-------+-------+-------+-------++-------
Melee: Unarmed           |    10 |       |       |       ||    10
       Dagger            |     6 |   120 |   195 |   134 ||   455
       Tailslap          |     1 |    11 |    15 |    13 ||    40
Throw: Dart              |       |       |       |     2 ||     2
 Cast: Pain              |    66 |   127 |    88 |    68 ||   349
       Animate Skeleton  |    17 |    19 |    19 |    18 ||    73
       Vampiric Draining |       |     4 |    45 |    37 ||    86
       Dispel Undead     |       |       |     6 |     6 ||    12
       Agony             |       |       |       |    11 ||    11
       Animate Dead      |       |       |       |     2 ||     2
Evoke: Wand              |       |       |    10 |     6 ||    16
  Use: Scroll            |       |       |    10 |    14 ||    24
       Potion            |       |       |     3 |       ||     3
 Stab: Paralysed         |       |       |     1 |       ||     1
       Sleeping          |       |       |     1 |     1 ||     2
       Distracted        |       |       |       |     2 ||     2
Armor: Robe              |     9 |    44 |    47 |    48 ||   148
Dodge: Dodged            |    18 |    82 |   128 |    79 ||   307
Block: Kite shield       |       |       |       |    92 ||    92

Table legend: (Time is in decaauts)
 A = Elapsed time spent in this place.
 B = Non-inter-level travel time spent in this place.
 C = Inter-level travel time spent in this place.
 D = Time resting spent in this place.
 E = Time spent auto-exploring this place.
 F = Levels seen in this place.
 G = Mean time per level.
                   A        B        C        D        E       F      G
               +--------+--------+--------+--------+--------+-----+--------+
         Total |  16138 |  15642 |    496 |   5864 |   5754 |  12 | 1344.8 |
       Dungeon |  15801 |  15305 |    496 |   5679 |   5754 |  11 | 1436.5 |
        Bailey |    337 |    337 |      0 |    185 |      0 |   1 |  337.0 |
               +--------+--------+--------+--------+--------+-----+--------+

Top non-repeatable levels by time:
     D:7: 1996 daAuts
     D:5: 1878 daAuts
     D:6: 1816 daAuts
     D:8: 1715 daAuts
     D:3: 1617 daAuts
     D:1: 1508 daAuts
     D:9: 1330 daAuts
     D:2: 1327 daAuts
     D:4: 1256 daAuts
    D:10: 1195 daAuts
  Bailey: 337 daAuts
    D:11: 158 daAuts
